 Dungeon Crawl Stone Soup version 0.31-a0-859-g9dce7d3444 (webtiles) character file.

Game seed: 392079794889608856

275 javelincjr the Conjurer (level 6, -5/32 HPs)
             Began as an Octopode Conjurer on Oct 9, 2023.
             Was a Follower of Hepliaklqana.
             Shot with an arrow by a centaur (9 damage)
             ... on level 4 of the Dungeon.
             The game lasted 00:07:15 (2640 turns).

javelincjr the Conjurer (Octopode Conjurer)         Turns: 2640, Time: 00:07:16

Health: -5/32      AC:  1    Str:  6    XL:     6   Next: 25%
Magic:  10/10      EV: 13    Int: 23    God:    Hepliaklqana [*.....]
Gold:   141        SH:  0    Dex: 10    Spells: 8/11 levels left

rFire   + . .        q - staff of conjuration
rCold   . . .        (no shield)
rNeg    . . .        (helmet restricted)
rPois   .            g - amulet of magic regeneration
rElec   .            d - ring of resist corrosion
rCorr   +            m - ring of protection from fire
SInv    .            (no ring)
Will    .....        (no ring)
Stlth   +++++        (no ring)
HPRegen 0.25/turn    (no ring)
MPRegen 0.52/turn    (no ring)
                     (no ring)

%: no passive effects
@: no status effects
A: reduced essence, almost no armour, amphibious, 8 rings, camouflage 1,
gelatinous body 1, nimble swimmer 1, tentacles
a: Renounce Religion, Recall Ancestor, Ancestor Identity


You were on level 4 of the Dungeon.
You worshipped Hepliaklqana.
Hepliaklqana was aware of your devotion.
You visited 1 branch of the dungeon, and saw 4 of its levels.

You collected 141 gold pieces.

Inventory:

Hand Weapons
 k - a +0 falchion of holy wrath
 n - a +4 quarterstaff of chaos
Missiles
 i - 6 curare-tipped darts
Magical Staves
 q - a staff of conjuration (weapon)
Jewellery
 d - a ring of resist corrosion (left tentacle)
 g - an amulet of magic regeneration (around mantle)
 j - an amulet of regeneration
 m - a ring of protection from fire (right tentacle)
Wands
 l - a wand of flame (9)
Scrolls
 h - a scroll of enchant armour {unknown}
 o - 2 scrolls of identify {unknown}
 p - a scroll of blinking {unknown}
Potions
 a - a potion of magic
 b - 2 potions of brilliance {unknown}
 c - a potion of might {unknown}
 e - a potion of enlightenment {unknown}
 f - a potion of berserk rage {unknown}


   Skills:
 + Level 0.8 Staves
 + Level 3.3 Dodging
 + Level 4.8 Stealth
 * Level 3.3 Spellcasting
 * Level 5.0 Conjurations
 + Level 0.8 Invocations


You had 8 spell levels left.
You knew the following spells:

 Your Spells              Type           Power      Damage    Failure   Level
a - Magic Dart            Conj           100%       1d8       1%          1
b - Searing Ray           Conj           80%        2d7       2%          2

Your spell library contained the following spells:

 Spells                   Type           Power      Damage    Failure   Level
 Summon Small Mammal      Summ           12%        N/A       12%         1
 Dazzling Flash           Conj/Hex       46%        N/A       12%         3
 Cigotuvi's Dreadful Rot  Necr/Pois/Air  6%         N/A       17%         2
 Call Canine Familiar     Summ           3%         N/A       34%         3
 Ignite Poison            Fire/Tmut/Pois 3%         N/A       34%         3
 Ozocubu's Armour         Ice            3%         N/A       34%         3
 Summon Guardian Golem    Hex/Summ       3%         N/A       34%         3
 Fulminant Prism          Conj/Hex       11%        3d9       36%         4
 Iskenderun's Mystic Bla  Conj/Tloc      23%        2d6       36%         4
 Freezing Cloud           Conj/Ice/Air   8%         6-21      83%         5
 Summon Forest            Summ/Tloc      1%         N/A       97%         5
 Eringya's Noxious Bog    Tmut/Pois      1%         4d6       100%        6
 Ozocubu's Refrigeration  Ice            1%         4d7       100%        7
 Summon Hydra             Summ           1%         N/A       100%        7


Dungeon Overview and Level Annotations

Branches:
Dungeon (4/15)
 Temple: D:4-7

Altars:
Dithmenos
Hepliaklqana

Annotations:
D:4 Blork the orc


Innate Abilities, Weirdness & Mutations

Your life essence is reduced to manifest your ancestor. (-10% HP)
You cannot wear most types of armour.
You are amphibious.
You can wear up to eight rings at the same time.
Your skin changes colour to match your surroundings (Stealth+).
Your rubbery body absorbs attacks. (AC +1, EV +1)
You are camouflaged when in or above water. (Stealth+)
You have tentacles for arms and can constrict up to eight enemies at once.


Message History

You feel a surge of power!
The magic dart hits Blork the orc.
Blork the orc is lightly wounded.
Blork the orc shouts!
You feel a surge of power!
The magic dart hits Blork the orc.
Blork the orc is moderately wounded.
You feel a surge of power!
The magic dart hits Blork the orc but does no damage.
Blork the orc is moderately wounded.
You feel a surge of power!
The magic dart hits Blork the orc.
Blork the orc is heavily wounded.
A centaur comes into view.
You swap places.
Busisiwe barely misses Blork the orc.
Blork the orc mumbles some strange words.
Blork the orc seems to speed up.
A centaur comes into view.
Blork the orc barely misses Busisiwe.
Busisiwe hits Blork the orc.
Blork the orc barely misses Busisiwe.
Something closely misses Busisiwe.
Something kicks Busisiwe but does no damage.
Blork the orc hits Busisiwe with a +0 flail.
Something hits Busisiwe.
Something kicks Busisiwe.
Busisiwe hits Blork the orc.
You enter the deep water.
Blork the orc hits Busisiwe with a +0 flail.
The centaur wields a +0 orcbow.
The centaur shoots an arrow.
The arrow closely misses Busisiwe.
The arrow hits you!
Something misses Busisiwe.
Something closely misses Busisiwe.
Busisiwe closely misses Blork the orc.
Blork the orc barely misses Busisiwe.
Something barely misses Busisiwe. x2; The centaur shoots an arrow.
The arrow hits Busisiwe!
Busisiwe is destroyed!
The centaur wields a +0 shortbow.
The centaur shoots an arrow.
The arrow closely misses you.
You feel a surge of power!
The magic dart hits Blork the orc.
Blork the orc is severely wounded.
The centaur shoots an arrow.
The arrow hits you!
Blork the orc points at you and mumbles some strange words.
The puff of frost hits you!
* * * LOW HITPOINT WARNING * * *
The centaur shoots an arrow.
The arrow hits you!
You die...

...............
##...#..................
#....##......##........... ..
#........................# #.#
##....)....≈≈≈≈≈.........##..#
######...####≈≈≈≈...........##
. #..##.# #≈≈≈..#........#..
##.≈≈##.. #≈≈≈≈.##.........>
#..≈≈# ....#@≈≈≈o....#.......
#.≈≈≈#####.#≈≈≈≈≈..c.#.......
#.≈≈≈≈≈≈≈#.######...........#
#.≈≈≈≈≈≈≈#...........#c.##...
#.≈≈≈≈≈≈≈#.######.#######
#.≈≈≈≈≈###.#≈≈≈≈≈.# #..≈≈≈##..
#≈≈≈≈..# ##.≈≈##.# #≈≈≈≈.##
#..##.#####≈≈≈..#


You could see Blork the orc (fast) and a centaur.

Vanquished Creatures
  An ogre (D:4)
  2 hounds
  Crazy Yiuf (D:3)
  Jessica (D:3)
  3 adders (D:2)
  A dart slug (D:1)
  5 ball pythons
  A bat (D:1)
  7 endoplasms
  A giant cockroach (D:1)
  2 hobgoblins
  4 kobolds
  4 quokkas
  3 frilled lizards
  8 goblins
  5 rats
49 creatures vanquished.

Vanquished Creatures (collateral kills)
  An orc (D:4)
1 creature vanquished.

Vanquished Creatures (others)
  An ancestor (D:4)
1 creature vanquished.

Grand Total: 51 creatures vanquished

Notes
Turn   | Place    | Note
-------+----------+-------------------------------------------
     0 | D:1      | javelincjr the Octopode Conjurer began the quest for the
                  | Orb.
     0 | D:1      | Reached XP level 1. HP: 11/11 MP: 3/3
   367 | D:1      | Reached XP level 2. HP: 17/17 MP: 3/5
   715 | D:1      | Found a faded altar of an unknown god.
  1091 | D:2      | Reached XP level 3. HP: 21/21 MP: 1/6
  1431 | D:2      | Reached XP level 4. HP: 27/27 MP: 4/7
  1652 | D:3      | Found a shadowy altar of Dithmenos.
  1846 | D:3      | Found a hazy altar of Hepliaklqana.
  1855 | D:3      | Became a worshipper of Hepliaklqana the Forgotten
  1915 | D:3      | Noticed Jessica
  1920 | D:3      | Learned a level 2 spell: Searing Ray
  1927 | D:3      | Killed Jessica
  1928 | D:3      | Reached XP level 5. HP: 25/31 MP: 4/9
  2061 | D:3      | Found a runed translucent door.
  2062 | D:3      | Noticed Crazy Yiuf
  2072 | D:3      | Killed Crazy Yiuf
  2535 | D:4      | Reached * piety under Hepliaklqana
  2543 | D:4      | Noticed an ogre
  2550 | D:4      | Killed an ogre
  2551 | D:4      | Reached XP level 6. HP: 32/32 MP: 2/10
  2607 | D:4      | Reached skill level 5 in Conjurations
  2625 | D:4      | Noticed Blork the orc
  2640 | D:4      | Shot with an arrow by a centaur

Illustrated notes

Levels and vault maps discovered:
D:1:      lemuel_arrival_river_bridge, layout_loops_ring, basic_ecumenical_altar
D:2:      layout_rooms
D:3:      layout_loops_corners, marbit_many_paths,
          mainiacjoe_overflow_boulevard, uniq_jessica, uniq_crazy_yiuf_cottage
D:4:      layout_cave_pools, serial_bayou, serial_bayou_lagoon_a,
          serial_bayou_pond_d, serial_bayou_lagoon_b, serial_bayou_pond_d,
          grunt_decor_junction, minmay_manual_mares, uniq_ijyb,
          uniq_blork_the_orc

Skill      XL: |  1  2  3  4  5  6 |
---------------+-------------------+-----
Stealth        | 3 4 |  4.8
Dodging        | 3 |  3.3
Spellcasting   | 3 |  3.3
Conjurations   | 5 |  5.0
Staves         | |  0.8
Invocations    | |  0.8

Action                     |  1- 3 |  4- 6 || total
---------------------------+-------+-------++-------
  Melee: Unarmed           |     2 |       ||     2
         Tentacles         |     1 |       ||     1
         Quarterstaff      |       |     3 ||     3
   Cast: Magic Dart        |    55 |    42 ||    97
         Searing Ray       |       |     4 ||     4
   Stab: Distracted        |       |     1 ||     1
         Sleeping          |       |     1 ||     1
 Armour: Skin              |     2 |     8 ||    10
  Dodge: Dodged            |       |     5 ||     5

Table legend: (Time is in decaauts)
 A = Elapsed time spent in this place.
 B = Non-inter-level travel time spent in this place.
 C = Inter-level travel time spent in this place.
 D = Time resting spent in this place.
 E = Time spent auto-exploring this place.
 F = Levels seen in this place.
 G = Mean time per level.
                   A        B        C        D        E       F      G
               +--------+--------+--------+--------+--------+-----+--------+
         Total |   2638 |   2602 |     36 |      0 |   2310 |   4 |  659.5 |
       Dungeon |   2638 |   2602 |     36 |      0 |   2310 |   4 |  659.5 |
               +--------+--------+--------+--------+--------+-----+--------+

Top non-repeatable levels by time:
     D:1: 949 daAuts
     D:3: 935 daAuts
     D:2: 648 daAuts
     D:4: 104 daAuts
